 Dungeon Crawl Stone Soup version 0.20.1-1-g8b1a95d (webtiles) character file.

21699 homeworkjunkie the Severer (level 12, 0/106 HPs)
             Began as a Hill Orc Fighter on Dec 13, 2017.
             Was the Champion of Okawaru.
             Succumbed to an ogre mage's bolt of poison
             ... on level 1 of the Orcish Mines.
             The game lasted 00:22:16 (10634 turns).

homeworkjunkie the Severer (Hill Orc Fighter)      Turns: 10634, Time: 00:22:17

Health: 0/106      AC: 16    Str: 32    XL:     12   Next: 92%
Magic:  16/16      EV:  6    Int:  8    God:    Okawaru [******]
Gold:   988        SH:  0    Dex: 11    Spells: 11/11 levels left

rFire    + . .     SeeInvis .   u - +4 war axe of Battle {venom, rC+ MR- Str+5}
rCold    . . .     Gourm    .   d - +2 large shield
rNeg     . . .     Faith    .   x - +0 plate armour
rPois    .         Spirit   .   m - +1 helmet
rElec    .         Reflect  .   (no cloak)
rCorr    .         Harm     +   (no gloves)
MR       .....                  (no boots)
Stlth    ..........             w - amulet of harm
Regen    0.3/turn               s - +5 ring of slaying
MPRegen  0.2/turn               o - ring of fire

@: confused, lethally poisoned (0 -> -11), slowed, very slow
A: talons 1, blurry vision 1, strong 2
a: Heroism, Finesse, Renounce Religion


You were on level 1 of the Orcish Mines.
You worshipped Okawaru.
Okawaru was exalted by your worship.
You were very full.

You visited 3 branches of the dungeon, and saw 14 of its levels.

You collected 988 gold pieces.

Inventory:

Hand Weapons
 a - a +2 war axe of flaming
 i - the +12 executioner's axe of Moderation {drain, +Rage rC- SInv}
   (You acquired it on level 7 of the Dungeon)

   A truly terrible weapon, it drains the life of those it strikes.
   It makes you vulnerable to cold.
   It lets you see invisible.
   It lets you go berserk.
 u - the +4 war axe of Battle (weapon) {venom, rC+ MR- Str+5}
   (Okawaru gifted it to you on level 10 of the Dungeon)

   It poisons the flesh of those it strikes.
   It affects your strength (+5).
   It protects you from cold.
   It affects your resistance to hostile enchantments.
Armour
 d - a +2 large shield (worn)
 m - a +1 helmet (worn)
 x - a +0 plate armour (worn)
Jewellery
 o - a ring of fire (right hand)
 p - an uncursed amulet of magic regeneration
 s - a +5 ring of slaying (left hand)
 w - an amulet of harm (around neck)
Wands
 q - a wand of confusion (0/48)
Scrolls
 c - 4 scrolls of identify
 h - 6 scrolls of teleportation
 l - 2 scrolls of magic mapping
 n - 8 scrolls of remove curse
 v - a scroll of brand weapon
Potions
 b - 2 potions of agility
 j - 2 potions of curing
 k - 2 potions of flight
Comestibles
 f - 7 royal jellies
 g - 2 meat rations


   Skills:
 * Level 10.2 Fighting
 * Level 16.7 Axes
 * Level 9.7 Armour
 + Level 1.4 Dodging
 + Level 0.1 Stealth
 * Level 10.5 Shields
 + Level 1.3 Invocations
 * Level 6.6 Evocations


You had 11 spell levels left.
You didn't know any spells.

Dungeon Overview and Level Annotations

Branches:
Dungeon (11/15)            Temple (1/1) D:4            Lair (0/6) D:10
    Orc (2/2) D:10
    Elf: Orc:2

Altars:
Ashenzari
Cheibriados
Elyvilon
Fedhas
Gozag
Hepliaklqana
Kikubaaqudgha
Nemelex Xobeh
Okawaru
Qazlal
Ru
Sif Muna
Trog
Vehumet
Xom
Yredelemnul
The Shining One

Shops:
D:9 %

Annotations:
D:9 1 runed door


Innate Abilities, Weirdness & Mutations

You have sharp toenails.
Scrolls take you a little longer to read.
Your muscles are very strong. (Str +4)


Message History

You barely miss the two-headed ogre. You claw the two-headed ogre.
The two-headed ogre is moderately wounded.
You miss something.
You hear some strange, mumbled words.
You are confused.
The two-headed ogre hits you with a giant spiked club!!
* * * LOW HITPOINT WARNING * * *
The two-headed ogre hits you but does no damage.
You hear some strange, mumbled words.
A bolt of poison appears from out of thin air!
The bolt of poison hits you!
You are poisoned.
* * * LOW HITPOINT WARNING * * *
Your shield and plate armour prevent you from hitting the two-headed ogre.
The two-headed ogre is moderately wounded.
You slice something!!
* * * LOW HITPOINT WARNING * * *
You feel sick. Something hits you but does no damage.
You're too confused to move!
You die...

####..# ##.##
###.#[..###...#
#....)....#...#
####<..)........#
##.#....##......##
#.......###...#####
#......###......#.##
##......#.......O..#
##.##..###.....)@[##
.####...#....#..###
..##.##..........##
..####............#
...###.....##.#..##
....###....#######
.....###....#
#.....#....##
.......#.###


You could see a two-headed ogre.

Vanquished Creatures
  2 ogre magi (Orc:2)
  Josephine (Orc:2)
  11 two-headed ogres
  An unseen horror (D:8)
  An orc knight (Orc:1)
  The ghost of Frank the Carver, a novice OpFi (D:7)
  The ghost of Sayu92 the Cudgeler, a novice GrFi of Okawaru (D:6)
  3 trolls
  A slime creature (D:10)
  A hippogriff (D:10)
  Sigmund (D:4)
  6 wraiths
  A shadow (D:10)
  6 yaks (D:10)
  A basilisk (shapeshifter) (D:10)
  2 basilisks (D:10)
  3 hungry ghosts
  A steam dragon (D:10)
  A water moccasin (D:7)
  3 porcupines (D:10)
  The ghost of buskinjo the Sneak, an amateur FeCK of Xom (D:4)
  A sky beast (D:8)
  10 orc warriors
  3 black bears
  14 ogres
  5 ice beasts
  A phantom (D:6)
  A necrophage (D:10)
  4 centaurs
  3 big kobolds
  2 bullfrogs
  3 scorpions
  13 killer bees
  11 wights
  2 vampire bats (D:4)
  6 crimson imps
  2 centaur zombies (D:7)
  A quasit (D:9)
  4 jellies
  8 orc priests
  3 hounds
  An iguana (D:6)
  6 orc wizards
  8 worker ants
  A centaur simulacrum (D:10)
  2 hound skeletons
  A howler monkey zombie (D:10)
  9 gnolls
  A worker ant zombie (D:8)
  6 adders
  A howler monkey skeleton (D:7)
  A shadow imp (D:6)
  5 oozes (D:8)
  3 adder zombies (D:8)
  3 worms (D:2)
  An adder skeleton (D:7)
  A dart slug (D:1)
  A leopard gecko (D:8)
  40 orcs
  3 ball pythons
  A bat skeleton (D:4)
  4 bat zombies (D:4)
  5 giant cockroaches
  9 goblins
  9 hobgoblins
  9 jackals
  3 quokkas
  A ball python skeleton (D:5)
  8 bats
  7 frilled lizards
  23 kobolds
  8 rats
327 creatures vanquished.

Vanquished Creatures (others)
  An ogre (D:6)
  A bullfrog (D:6)
  A scorpion (D:6)
  A worker ant (D:6)
  2 adders (D:6)
6 creatures vanquished.

Grand Total: 333 creatures vanquished

Notes
Turn   | Place    | Note
-------+----------+-------------------------------------------
     0 | D:1      | homeworkjunkie the Hill Orc Fighter began the quest for the Orb.
     0 | D:1      | Reached XP level 1. HP: 19/19 MP: 1/1
   152 | D:1      | Reached XP level 2. HP: 20/27 MP: 2/2
   290 | D:2      | Found a hazy altar of Hepliaklqana.
   324 | D:2      | Reached skill level 3 in Axes
   373 | D:2      | Reached XP level 3. HP: 32/33 MP: 3/3
   380 | D:2      | Found a stormy altar of Qazlal.
   709 | D:3      | Found a white marble altar of Elyvilon.
   718 | D:2      | Found a faded altar of an unknown god.
   803 | D:3      | Reached skill level 4 in Axes
   803 | D:3      | Reached XP level 4. HP: 40/40 MP: 4/4
  1306 | D:1      | Gained mutation: You are agile. (Dex +2) [potion of mutation]
  1306 | D:1      | Gained mutation: You are resistant to hostile enchantments. (MR+) [potion of mutation]
  1306 | D:1      | Gained mutation: Your natural rate of healing is unusually fast. [potion of mutation]
  1306 | D:1      | Gained mutation: You have a pair of small antennae on your head. [potion of mutation]
  1307 | D:1      | Lost mutation: You are resistant to hostile enchantments. (MR+) [potion of mutation]
  1307 | D:1      | Lost mutation: You are agile. (Dex +2) [potion of mutation]
  1307 | D:1      | Lost mutation: You have a pair of small antennae on your head. [potion of mutation]
  1307 | D:1      | Lost mutation: Your natural rate of healing is unusually fast. [potion of mutation]
  1307 | D:1      | Gained mutation: Your muscles are strong. (Str +2) [potion of mutation]
  1307 | D:1      | Gained mutation: Your muscles are very strong. (Str +4) [potion of mutation]
  1307 | D:1      | Gained mutation: Scrolls take you a little longer to read. [potion of mutation]
  1307 | D:1      | Gained mutation: You have sharp toenails. [potion of mutation]
  1865 | D:4      | Noticed Sigmund
  1870 | D:4      | Killed Sigmund
  1870 | D:4      | Reached skill level 5 in Axes
  1870 | D:4      | Reached XP level 5. HP: 24/47 MP: 5/5
  1870 | D:4      | Reached XP level 6. HP: 28/53 MP: 6/6
  2034 | D:3      | Found a blossoming altar of Fedhas.
  2075 | D:3      | Reached skill level 6 in Axes
  2258 | D:4      | Found a bloodstained altar of Trog.
  2322 | D:4      | Reached XP level 7. HP: 41/60 MP: 7/7
  2325 | D:4      | Reached skill level 5 in Fighting
  2325 | D:4      | Reached skill level 7 in Axes
  2575 | D:5      | Entered Level 5 of the Dungeon
  2978 | D:4      | Reached skill level 5 in Shields
  3076 | D:5      | Reached skill level 5 in Armour
  3248 | D:4      | Found a staircase to the Ecumenical Temple.
  3257 | Temple   | Entered the Ecumenical Temple
  3310 | Temple   | Became a worshipper of Warmaster Okawaru
  3373 | D:4      | Noticed buskinjo's ghost (amateur FeCK)
  3381 | D:4      | Killed buskinjo's ghost
  3381 | D:4      | Reached skill level 8 in Axes
  3381 | D:4      | Reached skill level 1 in Dodging
  3444 | D:4      | Reached XP level 8. HP: 58/68 MP: 8/8
  3510 | D:4      | Found an ancient bone altar of Kikubaaqudgha.
  3541 | D:4      | Reached skill level 1 in Evocations
  3800 | D:6      | Found a shimmering altar of Xom.
  4339 | D:7      | Reached skill level 9 in Axes
  4351 | D:7      | Reached * piety under Okawaru
  4737 | D:6      | Reached skill level 10 in Axes
  4737 | D:6      | Reached XP level 9. HP: 25/75 MP: 10/10
  5056 | D:7      | Reached ** piety under Okawaru
  5178 | D:6      | Noticed Sayu92's ghost (novice GrFi)
  5206 | D:6      | Killed Sayu92's ghost
  5873 | D:6      | Found a deep blue altar of Sif Muna.
  6021 | D:7      | Noticed Frank's ghost (novice OpFi)
  6041 | D:7      | Reached skill level 11 in Axes
  6057 | D:7      | Killed Frank's ghost
  6117 | D:8      | Reached XP level 10. HP: 84/84 MP: 11/13
  6123 | D:8      | Reached *** piety under Okawaru
  6334 | D:7      | Identified a scroll of acquirement
  6334 | D:7      | Got an ichor-stained executioner's axe
  6341 | D:7      | Identified the +12 executioner's axe of Moderation {drain, +Rage rC- SInv} (You acquired it on level 7 of the Dungeon)
  6795 | D:7      | Reached skill level 12 in Axes
  6946 | D:8      | Found a stormy altar of Qazlal.
  7012 | D:8      | Found a shattered altar of Ashenzari.
  7074 | D:8      | Noticed an unseen horror
  7084 | D:8      | Killed an unseen horror
  7272 | D:8      | Reached **** piety under Okawaru
  7412 | D:8      | Received a gift from Okawaru
  7767 | D:8      | Reached skill level 13 in Axes
  7857 | D:9      | Found Pissoras's Food Boutique.
  7863 | D:10     | Entered Level 10 of the Dungeon
  7884 | D:10     | Reached XP level 11. HP: 71/92 MP: 14/14
  7909 | D:10     | Found a staircase to the Lair.
  7998 | D:9      | Reached skill level 14 in Axes
  8048 | D:9      | Found a glowing golden altar of the Shining One.
  8048 | D:9      | Found a runed door.
  8048 | D:9      | Noticed an angel
  8078 | D:10     | Noticed a two-headed ogre
  8082 | D:10     | Killed a two-headed ogre
  8082 | D:10     | Reached ***** piety under Okawaru
  8154 | D:10     | Noticed a two-headed ogre
  8159 | D:10     | Killed a two-headed ogre
  8159 | D:10     | Received a gift from Okawaru
  8159 | D:10     | Reached skill level 5 in Evocations
  8543 | D:10     | Found a staircase to the Orcish Mines.
  8863 | D:11     | Noticed a five-headed hydra
  9074 | D:10     | Received a gift from Okawaru
  9074 | D:10     | Reached skill level 15 in Axes
  9077 | D:10     | Got a slimy war axe {god gift}
  9101 | D:10     | Identified the +4 war axe of Battle {venom, rC+ MR- Str+5} (Okawaru gifted it to you on level 10 of the Dungeon)
  9414 | Orc:1    | Entered Level 1 of the Orcish Mines
  9457 | Orc:1    | Noticed a two-headed ogre
  9466 | Orc:1    | Killed a two-headed ogre
  9536 | Orc:1    | Noticed a two-headed ogre
  9544 | Orc:1    | Killed a two-headed ogre
  9544 | Orc:1    | Reached XP level 12. HP: 102/104 MP: 16/16
  9714 | Orc:2    | Entered Level 2 of the Orcish Mines
 10061 | Orc:2    | Noticed Josephine
 10063 | Orc:2    | Noticed a two-headed ogre
 10067 | Orc:2    | Received a gift from Okawaru
 10071 | Orc:2    | Killed Josephine
 10073 | Orc:2    | Received a gift from Okawaru
 10073 | Orc:2    | Reached skill level 16 in Axes
 10074 | Orc:2    | Killed a two-headed ogre
 10138 | Orc:2    | Noticed a two-headed ogre
 10138 | Orc:2    | Noticed an ogre mage
 10138 | Orc:2    | Noticed a two-headed ogre
 10139 | Orc:2    | Noticed a two-headed ogre
 10141 | Orc:2    | Noticed a two-headed ogre
 10142 | Orc:2    | Noticed an ogre mage
 10142 | Orc:2    | Noticed a two-headed ogre
 10142 | Orc:2    | Killed a two-headed ogre
 10144 | Orc:2    | Noticed a two-headed ogre
 10145 | Orc:2    | Noticed an ogre mage
 10146 | Orc:2    | Noticed an ogre mage
 10147 | Orc:2    | Noticed a two-headed ogre
 10150 | Orc:2    | Noticed a two-headed ogre
 10497 | Orc:1    | Killed a two-headed ogre
 10504 | Orc:1    | Reached skill level 10 in Shields
 10610 | Orc:2    | Killed a two-headed ogre
 10610 | Orc:2    | Received a gift from Okawaru
 10616 | Orc:2    | Killed a two-headed ogre
 10616 | Orc:2    | Reached ****** piety under Okawaru
 10617 | Orc:2    | Killed a two-headed ogre
 10617 | Orc:2    | Reached skill level 1 in Invocations
 10619 | Orc:2    | Killed a two-headed ogre
 10619 | Orc:2    | Reached skill level 10 in Fighting
 10622 | Orc:2    | Killed an ogre mage
 10626 | Orc:2    | Killed an ogre mage
 10632 | Orc:1    | HP: 3/106 [something/bolt of poison (19)]
 10634 | Orc:1    | Succumbed to an ogre mage's bolt of poison

Skill      XL: |  1  2  3  4  5  6  7  8  9 10 11 12 |
---------------+-------------------------------------+-----
Axes           | 3 4 5 6 8 10 11 13 15 16 | 16.7
Fighting       | 4 5 6 7 9 10 | 10.2
Armour         | 4 5 6 7 8 9 |  9.7
Shields        | 4 5 6 7 8 9 10 | 10.5
Dodging        | 1 |  1.4
Evocations     | 2 4 5 6 |  6.6
Invocations    | 1 |  1.3
Stealth        | |  0.1

Action                   |  1- 3 |  4- 6 |  7- 9 | 10-12 || total
-------------------------+-------+-------+-------+-------++-------
Melee: War axe           |   117 |    70 |   277 |   147 ||   611
       Kick              |       |    17 |    91 |    93 ||   201
       Executioner's axe |       |       |       |   174 ||   174
Invok: Finesse           |       |       |       |     1 ||     1
Evoke: Wand              |       |       |     8 |     5 ||    13
  Use: Scroll            |     3 |     1 |     7 |     7 ||    18
       Potion            |       |     6 |     6 |     3 ||    15
 Stab: Confused          |       |       |       |     1 ||     1
  Eat: Meat ration       |       |     1 |     1 |     3 ||     5
       Bread ration      |       |       |     1 |     1 ||     2
       Fruit             |       |       |     4 |       ||     4
       Royal jelly       |       |       |     2 |     3 ||     5
Armor: Scale mail        |    11 |       |       |       ||    11
       Chain mail        |    50 |    42 |   101 |   128 ||   321
       Plate armour      |       |       |       |    26 ||    26
Dodge: Dodged            |    24 |    16 |    50 |   101 ||   191
Block: Shield            |    79 |    44 |    64 |       ||   187
       Large shield      |       |       |   153 |   130 ||   283
